Map: [ESL] Altitude

Players

BattleB

  • Race: Terran Terran
  • Spawn Location: 7:00

AqueroN - Winner!

  • Race: Terran Terran
  • Spawn Location: 1:00

Event: ESL SC2 Masters 2023 Summer (Regionals)

VOD

Have the link to the VOD?

Description

Time

  • Played on: May 13, 2023, 10:06 a.m.
  • Length: 19:27

All games in this series

Show
View Real Time Build Order
Export as new Build Order

BattleB Terran 

Build Orders:  

Get SALT Encoding   

  12  0:00  SCV  
  13  0:12  SCV  
  14  0:17  Supply Depot  
  14  0:24  SCV  
  15  0:39  SCV  
  15  0:40  Barracks  
  16  0:44  Refinery  
  16  0:51  SCV  
  16  0:54  Refinery  
  17  1:03  SCV  
  18  1:15  SCV  
  19  1:27  Orbital Command, Reaper  
  19  1:31  Supply Depot  
  20  1:46  Factory  
  20  1:53  SCV  
  21  1:59  Reaper  
  22  2:05  SCV  
  23  2:19  SCV  
  24  2:24  Command Center  
  24  2:29  Hellion  
  26  2:32  SCV  
  26  2:35  Barracks Reactor  
  27  2:42  Supply Depot  
  27  2:44  SCV  
  27  2:50  Widow Mine  
  30  2:57  Starport  
  30  3:00  SCV  
  31  3:12  SCV, Factory Tech Lab  
  32  3:13  Marine x2  
  34  3:21  Refinery  
  34  3:24  SCV  
  35  3:33  Starport Tech Lab, Cyclone  
  38  3:37  SCV  
  38  3:39  Orbital Command  
  39  3:43  Marine  
  39  3:44  Marine  
  41  3:49  SCV  
  41  3:52  Raven  
  44  4:01  SCV  
  45  4:02  Supply Depot  
  45  4:05  SCV, Marine x2  
  48  4:12  Siege Tank  
  48  4:14  SCV  
  53  4:17  SCV  
  53  4:22  Supply Depot  
  53  4:26  SCV  
  53  4:27  Raven  
  53  4:29  SCV  
  53  4:30  Marine x2  
  59  4:38  SCV  
  60  4:41  SCV  
  60  4:44  Siege Tank  
  60  4:45  Supply Depot  
  62  4:50  SCV  
  63  4:53  SCV  
  63  4:59  Command Center  
  64  5:02  SCV  
  64  5:05  SCV  
  66  5:11  Barracks  
  66  5:14  SCV  
  66  5:17  SCV  
  66  5:19  Siege Tank  
  66  5:20  Barracks  
  71  5:23  Stimpack  
  71  5:24  Starport Reactor  
  71  5:26  SCV  
  72  5:29  SCV  
  72  5:30  Marine  
  72  5:33  Supply Depot  
  74  5:35  Supply Depot  
  74  5:38  SCV  
  74  5:41  SCV  
  76  5:47  Engineering Bay  
  76  5:50  Engineering Bay  
  76  5:51  SCV  
  76  5:53  SCV  
  76  5:55  Siege Tank  
  81  6:01  Barracks  
  81  6:02  Barracks  
  81  6:05  SCV  
  81  6:06  SCV, Refinery  
  81  6:10  Starport Reactor  
  83  6:11  Orbital Command  
  83  6:13  Marine  
  83  6:14  Marine x2  
  83  6:16  Marine  
  83  6:17  Marine  
  88  6:21  SCV x2  
  88  6:24  Terran Infantry Weapons Level 1  
  88  6:25  Terran Infantry Armor Level 1  
  88  6:30  Siege Tank  
  91  6:33  Marine x3  
  91  6:34  Orbital Command, Marine  
  91  6:39  SCV x2  
  97  6:41  Marine  
  97  6:45  Supply Depot  
  98  6:48  Supply Depot  
  98  6:51  SCV x2, Barracks Reactor x2  
  100  6:54  Medivac x2  
  100  6:56  Marine  
  100  6:57  Marine  
  100  6:58  Marine  
  100  7:00  SCV  
  108  7:01  Marine  
  108  7:06  Marine  
  108  7:07  Supply Depot  
  110  7:09  Siege Tank  
  110  7:10  SCV  
  110  7:11  SCV  
  110  7:13  Combat Shield  
  110  7:15  Marine  
  116  7:20  SCV, Sensor Tower  
  117  7:23  SCV, Marine  
  117  7:24  Marine  
  117  7:26  Marine x2  
  117  7:28  SCV  
  117  7:29  Refinery x2  
  122  7:32  SCV  
  122  7:35  Armory  
  123  7:39  Marine x3  
  123  7:40  Marine x2  
  123  7:41  Marine  
  129  7:53  Command Center  
  129  7:55  Marine x3  
  131  7:59  Supply Depot  
  131  8:01  Medivac, Supply Depot  
  133  8:06  Supply Depot  
  133  8:20  Marine  
  133  8:21  Marine  
  133  8:22  Marine x2  
  133  8:23  Marine x2  
  133  8:25  Marine  
  133  8:27  Marine  
  133  8:30  Marine  
  133  8:31  Medivac  
  133  8:32  Siege Tank  
  131  8:38  Marine  
  131  8:39  Marine x3  
  127  8:42  Marine x2  
  127  8:45  Marine x2  
  115  8:50  SCV x2  
  115  8:52  Marine  
  115  8:54  SCV  
  114  8:56  Marine  
  114  8:57  Marine x2  
  114  8:58  Marine  
  114  9:00  Marine x2  
  112  9:04  Marine, Siege Tank  
  112  9:08  SCV x2  
  112  9:09  Terran Infantry Weapons Level 2, Terran Infantry Armor Level 2  
  118  9:16  Marine  
  118  9:17  Marine  
  119  9:20  Marine x2  
  119  9:21  Marine x3  
  119  9:22  Marine x2  
  122  9:25  Medivac x2  
  122  9:28  SCV x3  
  129  9:35  Marine  
  129  9:36  Siege Tank  
  129  9:37  Marine  
  124  9:40  Marine x3  
  124  9:41  Marine x3  
  124  9:42  SCV  
  124  9:43  SCV  
  124  9:44  Marine  
  120  9:49  SCV  
  120  9:51  Planetary Fortress  
  121  9:53  Marine  
  121  9:54  Marine  
  121  9:55  SCV  
  121  9:58  Marine x4  
  121  9:59  Medivac x2  
  132  10:03  Marine x2  
  132  10:04  SCV x2  
  132  10:07  SCV, Terran Vehicle Weapons Level 1  
  138  10:12  Siege Tank  
  140  10:17  Factory  
  140  10:20  Supply Depot  
  139  10:22  Marine x2  
  139  10:23  Marine x3, Barracks Reactor, Supply Depot  
  139  10:27  Marine x3  
  147  10:33  SCV  
  147  10:35  Supply Depot  
  148  10:41  Marine x2  
  148  10:42  SCV x3  
  153  10:43  Medivac x2  
  153  10:45  SCV  
  153  10:46  Supply Depot  
  157  10:52  Sensor Tower  
  157  10:54  SCV x2  
  159  10:57  Marine x2  
  159  10:59  Siege Tank  
  159  11:01  SCV x2  
  166  11:04  Marine  
  166  11:05  Marine x2  
  166  11:09  Sensor Tower  
  169  11:15  Marine x5  
  169  11:16  Marine  
  169  11:18  Siege Tank  
  166  11:20  Medivac  
  142  11:28  Marine  
  142  11:29  Marine x2, Medivac  
  136  11:37  Marine x5  
  136  11:38  Siege Tank  
  143  11:42  Marine  
  143  11:44  Terran Infantry Weapons Level 3  
  143  11:46  Marine x2  
  145  11:48  Marine x2  
  145  11:52  Terran Infantry Armor Level 3  
  147  11:54  Marine  
  147  11:55  Marine  
  147  11:57  Siege Tank  
  147  11:58  Marine x2  
  147  11:59  Marine  
  147  12:01  Marine, Viking  
  157  12:04  Marine, Viking  
  157  12:05  Marine  
  157  12:07  Marine x2  
  163  12:12  Marine  
  163  12:13  Marine  
  163  12:15  Siege Tank  
  168  12:16  Marine x3  
  168  12:19  Marine  
  168  12:21  Marine  
  173  12:23  Marine, Terran Vehicle Weapons Level 2  
  173  12:25  Marine x2  
  176  12:30  Marine  
  176  12:31  Marine  
  176  12:34  Marine  
  179  12:39  Marine  
  180  12:48  Marine x3, Viking, Supply Depot  
  180  12:49  Siege Tank  
  179  12:52  Supply Depot  
  179  12:53  Viking  
  180  13:00  Refinery  
  180  13:01  Starport, Refinery  
  180  13:02  Starport  
  180  13:09  Marine x5, Siege Tank  
  188  13:13  Marine x5  
  193  13:21  Siege Tank  
  196  13:30  Marine x2  
  196  13:38  Starport Reactor  
  196  13:39  Starport Reactor  
  196  13:44  Command Center  
  196  13:51  Marine x6  
  196  13:52  Marine x4  
  196  13:53  Medivac  
  196  13:54  Medivac  
  191  14:05  Supply Depot  
  191  14:06  Supply Depot  
  191  14:11  Supply Depot  
  191  14:16  Supply Depot  
  191  14:20  Supply Depot  
  191  14:28  Marine x2, Siege Tank, SCV  
  197  14:32  Marine x2  
  197  14:33  SCV  
  197  14:36  Command Center  
  200  14:45  Marine  
  200  14:47  Marine, SCV  
  200  14:51  Marine  
  199  14:55  Siege Tank  
  199  14:59  Viking x2  
  168  15:00  Marine x2  
  168  15:02  Marine x5  
  168  15:03  Marine  
  175  15:09  SCV x3  
  175  15:12  Marine x2  
  180  15:18  Marine x2, Terran Vehicle Weapons Level 3  
  180  15:19  Marine  
  180  15:20  Marine x2  
  185  15:21  SCV x2  
  185  15:26  Marine  
  185  15:28  Marine x2  
  186  15:29  Marine  
  186  15:30  Marine  
  150  15:38  Marine x3, Siege Tank  
  150  15:41  Marine  
  128  15:44  Marine x2  
  119  15:50  Orbital Command  
  119  15:53  Marine  
  119  15:55  Marine  
  119  16:00  Marine x2  
  119  16:01  Marine x2  
  120  16:07  SCV  
  120  16:08  SCV x2  
  123  16:15  Marine  
  123  16:17  Marine x2  
  125  16:18  Siege Tank  
  125  16:22  Marine  
  123  16:26  Marine x3  
  123  16:30  Marine x2  
  122  16:38  Marine x2  
  122  16:39  Marine x2  
  107  16:40  Marine, Siege Tank  
  107  16:45  Liberator  
  114  16:52  Liberator  
  114  16:58  Liberator  
  114  17:01  Marine  
  117  17:02  Marine x2  
  117  17:05  Marine  
  117  17:06  SCV  
  117  17:10  SCV x2  
  117  17:12  Marine x2  
  117  17:15  Marine x3  
  122  17:21  Planetary Fortress  
  124  17:24  SCV  
  124  17:25  SCV  
  124  17:28  SCV x2  
  128  17:36  Siege Tank  
  131  17:39  Marine x3  
  131  17:42  Marine x4  
  138  17:47  Marine  
  138  17:48  Marine  
  140  17:55  Siege Tank  
  143  18:02  Marine  
  144  18:06  Marine x3, Sensor Tower  
  144  18:07  Marine x4  
  144  18:09  Marine x2  
  153  18:17  SCV x2  
  155  18:20  Sensor Tower  
  155  18:21  SCV  
  155  18:24  SCV, Marine x2  
  159  18:28  SCV  
  159  18:30  Marine x2  
  162  18:42  Viking x2  
  162  18:47  Marine  
  146  18:56  Marine x2  
  146  18:59  Marine x2  
  142  19:03  Marine x3  
  142  19:05  Marine x2  
Show
View Real Time Build Order
Export as new Build Order

AqueroN Terran - Winner!

Build Orders:  

Get SALT Encoding   

  12  0:00  SCV  
  13  0:12  SCV  
  14  0:17  Supply Depot  
  14  0:24  SCV  
  15  0:39  SCV  
  15  0:42  Barracks  
  16  0:44  Refinery  
  16  0:51  SCV  
  16  0:55  Refinery  
  17  1:03  SCV  
  18  1:15  SCV  
  19  1:28  Orbital Command  
  19  1:29  Reaper  
  19  1:30  Supply Depot  
  20  1:44  Factory  
  20  1:54  SCV  
  21  2:01  Barracks Reactor  
  21  2:06  SCV  
  22  2:18  SCV  
  23  2:25  Command Center  
  25  2:30  Hellion  
  25  2:32  SCV  
  26  2:38  Reaper x2  
  26  2:42  Supply Depot  
  28  2:46  SCV  
  29  2:51  Hellion  
  31  3:01  Starport  
  31  3:04  SCV  
  32  3:10  Marine x2  
  34  3:14  Factory Tech Lab  
  34  3:16  SCV  
  35  3:25  Refinery  
  35  3:27  Marine  
  35  3:28  SCV, Marine  
  38  3:36  Cyclone  
  41  3:43  Orbital Command  
  41  3:46  SCV  
  42  3:49  Starport Tech Lab  
  42  3:51  Marine  
  42  3:54  Marine  
  44  3:58  SCV  
  44  4:01  Supply Depot  
  45  4:09  Raven  
  47  4:10  SCV  
  47  4:13  SCV  
  49  4:19  Siege Tank  
  49  4:22  SCV  
  53  4:25  SCV  
  54  4:34  SCV  
  54  4:37  SCV  
  56  4:41  Command Center  
  56  4:44  Raven  
  58  4:48  Supply Depot  
  58  4:51  SCV  
  58  4:52  SCV  
  60  4:56  Supply Depot  
  60  4:57  Marine  
  60  4:58  Marine  
  62  5:10  SCV x2, Siege Tank  
  67  5:15  Barracks  
  67  5:19  Supply Depot  
  67  5:23  Marine  
  67  5:25  Barracks, Starport Reactor  
  67  5:27  Marine, SCV  
  70  5:29  SCV  
  70  5:34  Engineering Bay  
  71  5:41  Engineering Bay  
  71  5:42  Marine  
  71  5:43  SCV x2  
  71  5:48  Marine, Siege Tank  
  78  5:55  Orbital Command, SCV  
  79  6:00  Supply Depot  
  79  6:03  Terran Infantry Weapons Level 1  
  79  6:09  Terran Infantry Armor Level 1  
  79  6:10  Marine  
  79  6:11  Marine  
  80  6:12  SCV x2  
  80  6:13  Starport Reactor  
  80  6:15  Marine x2  
  83  6:20  Stimpack  
  83  6:21  Orbital Command  
  83  6:26  SCV x2  
  83  6:32  Refinery  
  85  6:33  Marine x4  
  85  6:34  Marine  
  85  6:37  Supply Depot  
  85  6:38  SCV x2  
  85  6:39  Supply Depot  
  92  6:41  Siege Tank  
  95  6:50  SCV  
  95  6:51  SCV, Medivac, Marine x2  
  95  6:52  Supply Depot  
  95  6:53  Medivac  
  103  6:57  SCV  
  103  6:58  Marine  
  103  7:00  Marine  
  106  7:03  SCV x2  
  106  7:05  Marine  
  109  7:11  Barracks, SCV  
  109  7:13  Barracks  
  109  7:15  SCV  
  111  7:16  Sensor Tower  
  111  7:19  Siege Tank  
  111  7:21  Marine  
  115  7:23  Marine  
  115  7:24  Marine  
  117  7:32  Marine x2  
  117  7:34  SCV x3  
  117  7:35  Medivac  
  117  7:36  Medivac  
  126  7:41  Refinery  
  126  7:45  Marine x3  
  126  7:47  SCV x3  
  126  7:50  Marine  
  132  7:59  Combat Shield  
  132  8:00  SCV, Barracks Reactor  
  132  8:01  Barracks Reactor  
  133  8:06  SCV x2  
  133  8:11  Marine x3, Supply Depot  
  133  8:12  Supply Depot  
  136  8:13  Marine x2  
  136  8:14  Armory, Supply Depot  
  136  8:16  Siege Tank  
  141  8:31  SCV, Marine  
  141  8:32  Marine x4  
  141  8:33  SCV x2  
  142  8:45  Marine x2  
  142  8:46  Marine  
  142  8:47  Marine  
  128  8:49  Marine x2, Siege Tank  
  128  8:54  Marine  
  128  8:55  Marine x2  
  126  8:57  Medivac x2  
  123  9:03  Terran Infantry Weapons Level 2, Marine x3, Terran Infantry Armor Level 2  
  123  9:04  Marine  
  123  9:07  Marine x2  
  129  9:12  Marine x2  
  129  9:13  Marine  
  132  9:21  Marine x3  
  132  9:22  Marine  
  134  9:29  Command Center  
  116  9:36  Marine x2  
  104  9:39  Marine x2, Siege Tank  
  104  9:41  Medivac x2  
  104  9:42  Marine  
  111  9:46  Marine x4  
  111  9:49  SCV x3  
  118  9:54  Marine x2  
  118  9:55  Terran Vehicle Weapons Level 1  
  118  9:57  Marine x2  
  122  10:00  Marine  
  122  10:04  Marine x4  
  127  10:10  Factory  
  127  10:11  Marine  
  127  10:12  Marine  
  129  10:15  Marine x2  
  129  10:17  Siege Tank  
  129  10:18  Marine  
  135  10:22  Marine x4  
  135  10:25  SCV x3  
  135  10:28  Medivac x2  
  146  10:33  Marine x3  
  149  10:37  SCV x2, Refinery  
  149  10:38  SCV  
  149  10:39  Marine  
  152  10:42  Marine  
  152  10:43  Marine x2  
  152  10:47  Planetary Fortress  
  152  10:49  SCV x2  
  157  10:50  SCV  
  157  10:51  Marine  
  157  10:52  Marine, Sensor Tower  
  157  10:54  Bunker  
  157  10:57  Factory Tech Lab  
  160  10:58  Marine x2  
  160  11:00  Marine  
  160  11:01  Marine  
  160  11:17  Marine x2  
  160  11:18  Marine x3  
  151  11:22  Terran Infantry Weapons Level 3, Terran Infantry Armor Level 3  
  151  11:23  Siege Tank  
  151  11:24  Marine x2  
  139  11:27  Marine  
  139  11:29  Marine  
  137  11:35  Marine x3  
  137  11:37  Marine x2  
  142  11:41  Siege Tank  
  142  11:42  Marine x2, SCV  
  142  11:43  SCV x2  
  150  11:47  Refinery  
  150  11:48  Marine x2  
  150  11:52  Terran Vehicle Weapons Level 2  
  150  11:53  Marine x3  
  155  11:55  Marine  
  155  11:56  Marine  
  155  11:58  Refinery  
  155  11:59  Marine  
  155  12:00  Marine  
  159  12:05  SCV x3  
  159  12:06  Marine x2  
  163  12:11  Marine x3  
  163  12:13  Marine  
  163  12:14  Marine  
  163  12:15  Siege Tank x2  
  174  12:17  Marine x2  
  174  12:21  Medivac x2  
  180  12:24  Barracks  
  180  12:25  Supply Depot  
  180  12:26  Barracks  
  180  12:28  Supply Depot x2  
  180  12:29  Barracks, Marine x3  
  183  12:37  Marine x5  
  188  12:46  Marine  
  188  12:47  Marine x2  
  191  12:54  Marine x2  
  191  12:56  Marine x3  
  191  12:57  Marine  
  182  12:59  Siege Tank x2  
  182  13:04  Marine  
  184  13:07  Marine  
  184  13:08  Marine  
  184  13:12  Marine x2  
  188  13:28  Marine x2  
  188  13:29  Marine x5  
  188  13:30  Barracks Reactor x3  
  188  13:32  Siege Tank  
  198  13:37  Sensor Tower  
  198  13:46  Marine x2  
  173  14:07  Marine x3, Siege Tank x2  
  173  14:08  Marine x2  
  180  14:21  Marine x6  
  180  14:22  Marine x2, Starport  
  180  14:23  Medivac x2  
  176  14:27  Terran Vehicle Weapons Level 3  
  176  14:39  Siege Tank x2  
  176  14:42  Marine x4  
  176  14:43  Marine x6  
  185  14:55  Command Center  
  168  15:01  Marine x9  
  168  15:02  Marine  
  170  15:11  Siege Tank x2  
  176  15:15  Marine x2  
  176  15:16  Marine x2  
  180  15:21  Marine  
  180  15:22  Marine  
  180  15:26  Marine  
  161  15:43  Marine x3, Siege Tank x2  
  161  15:46  Medivac x2  
  172  15:54  Marine  
  170  16:02  Marine  
  170  16:04  Marine x2  
  170  16:05  Marine x6  
  175  16:15  Siege Tank x2  
  175  16:17  Medivac  
  154  16:29  Marine  
  154  16:30  Marine x6  
  154  16:31  Marine x2  
  152  16:34  Marine  
  152  16:36  Marine  
  143  16:40  Marine x4  
  143  16:41  Medivac  
  143  16:47  Marine x2, Medivac  
  149  16:48  Marine x2, SCV x4  
  157  16:59  Marine x4, Siege Tank x2  
  157  17:00  Marine x6  
  167  17:09  Marine x2  
  167  17:10  Marine x2  
  167  17:15  Refinery  
  173  17:20  SCV  
  173  17:21  SCV x3  
  179  17:24  Marine x8  
  187  17:32  Liberator x2  
  187  17:34  Planetary Fortress  
  177  17:59  Marine, Siege Tank x2  
  177  18:00  Marine x10  
  177  18:03  Marine x3  
  177  18:05  Starport Reactor  
  196  18:10  Starport  
  196  18:25  Command Center  
  196  18:27  Refinery  
  196  18:29  Starport  
Tags
 
Add a new tag
Caveats
  • Supply blocks, unpowered buildings, or Contaminate may cause inaccurate times.
  • Supply counts are checked every 10 seconds.